Map: [ESL] Altitude

Players

MaSa

  • Race: Terran Terran
  • Spawn Location: 7:00

Nina - Winner!

  • Race: Protoss Protoss
  • Spawn Location: 1:00

Event: ESL SC2 Masters 2023 Summer (Regionals)

VOD

Have the link to the VOD?

Description

Time

  • Played on: May 5, 2023, 3:22 p.m.
  • Length: 13:41

All games in this series

Show
View Real Time Build Order
Export as new Build Order

MaSa Terran 

Build Orders:  

Get SALT Encoding   

  12  0:00  SCV  
  13  0:12  SCV  
  14  0:18  Supply Depot  
  14  0:24  SCV  
  15  0:39  SCV  
  15  0:40  Barracks  
  16  0:45  Refinery  
  16  0:50  Refinery  
  16  0:54  SCV  
  17  1:06  SCV  
  17  1:10  Supply Depot  
  18  1:19  SCV  
  19  1:27  Reaper  
  19  1:31  Orbital Command  
  20  1:45  Factory  
  20  1:58  Barracks  
  20  2:03  SCV  
  20  2:07  Barracks Reactor  
  21  2:15  SCV  
  22  2:27  SCV  
  23  2:32  Widow Mine  
  23  2:34  Starport  
  25  2:39  SCV  
  25  2:43  Marine  
  25  2:44  Marine, Supply Depot  
  27  2:47  Barracks Tech Lab  
  28  2:53  Factory Tech Lab  
  28  2:54  SCV  
  29  3:03  Marine  
  30  3:06  Supply Depot  
  30  3:13  Marine  
  30  3:18  Siege Tank  
  34  3:20  Medivac  
  34  3:27  Marine, Combat Shield  
  36  3:30  Marine  
  36  3:34  Marine  
  39  3:41  Supply Depot  
  39  3:45  Marine  
  40  3:50  Siege Tank  
  40  3:53  Marine  
  44  4:06  Liberator  
  44  4:09  Marine  
  47  4:10  Marine  
  47  4:11  Marine  
  50  4:27  Marine  
  50  4:30  Siege Tank  
  54  4:36  Bunker  
  54  4:38  Marine  
  53  4:45  Bunker  
  53  4:49  Marine x2  
  53  5:09  Marine x2  
  55  5:17  Marine  
  55  5:27  Supply Depot  
  55  5:31  Marine x2  
  53  5:46  Marine  
  53  5:48  Siege Tank  
  53  5:49  Marine x2  
  59  5:51  Liberator  
  62  6:03  Marine  
  63  6:39  Marine x3  
  62  6:47  Bunker  
  62  6:55  Supply Depot  
  62  6:56  Siege Tank  
  62  6:57  Marine x3  
  55  7:15  Marine x3  
  57  7:20  Bunker  
  57  7:28  Siege Tank  
  60  7:32  Marine  
  60  7:36  Bunker  
  59  7:38  SCV  
  60  7:48  Stimpack  
  60  7:50  SCV  
  59  8:00  Siege Tank  
  61  8:09  Marine  
  38  8:23  Medivac  
  38  8:24  SCV  
  35  8:27  Marine  
  35  8:31  Command Center  
  34  8:35  Liberator  
  34  8:36  SCV  
  37  8:42  Siege Tank  
  37  8:46  Marine  
  37  8:47  Barracks Reactor  
  37  8:48  SCV  
  42  9:09  Command Center  
  42  9:12  SCV  
  42  9:15  Marine  
  44  9:25  Engineering Bay  
  44  9:26  Marine  
  44  9:27  Marine  
  48  9:38  Siege Tank  
  48  9:46  Command Center  
  48  9:48  SCV  
  49  10:04  Terran Infantry Weapons Level 1, SCV  
  49  10:06  SCV  
  51  10:17  Siege Tank  
  51  10:20  Marine x2  
  55  10:21  SCV  
  55  10:31  Orbital Command  
  55  10:39  Liberator  
  55  10:40  Marine  
  55  10:41  Marine x2  
  61  10:45  SCV  
  62  10:55  Missile Turret  
  62  10:57  SCV, Supply Depot  
  62  10:58  Marine x2  
  62  11:00  SCV  
  67  11:09  SCV  
  67  11:11  Orbital Command  
  67  11:13  SCV  
  68  11:21  SCV  
  68  11:22  Barracks  
  69  11:27  Siege Tank  
  69  11:31  SCV  
  73  11:35  Marine  
  73  11:37  Barracks  
  73  11:43  Marine x2  
  75  11:48  SCV x2  
  75  11:51  SCV  
  75  11:53  Marine  
  79  11:56  Refinery x2  
  79  11:57  Supply Depot  
  79  12:01  Marine  
  80  12:05  Siege Tank  
  83  12:09  SCV  
  83  12:10  Orbital Command, Marine  
  83  12:11  Marine  
  83  12:14  Medivac  
  88  12:19  Medivac  
  84  12:25  Supply Depot  
  84  12:27  Barracks Reactor  
  84  12:30  SCV, Barracks Reactor  
  84  12:31  SCV  
  86  12:37  Marine x2, SCV  
  86  12:38  Marine  
  86  12:42  SCV  
  90  12:48  Medivac  
  90  12:49  Medivac  
  92  12:55  Marine x2  
  92  12:56  Marine  
  92  12:58  Siege Tank  
  98  12:59  SCV  
  98  13:00  SCV  
  101  13:05  Supply Depot  
  101  13:07  Marine x2  
  101  13:09  Orbital Command, Marine  
  101  13:11  Marine, SCV  
  105  13:13  Marine x3  
Show
View Real Time Build Order
Export as new Build Order

Nina Protoss - Winner!

Build Orders: 1 Gate Expand 

Get SALT Encoding   

  12  0:00  Probe  
  13  0:12  Probe  
  14  0:18  Pylon  
  14  0:24  Probe  
  15  0:28  Assimilator  
  15  0:36  Probe (Chrono Boost)  
  16  0:43  Gateway  
  16  0:48  Probe (Chrono Boost)  
  17  0:56  Probe (Chrono Boost)  
  18  1:03  Probe  
  19  1:15  Probe  
  20  1:32  Cybernetics Core  
  20  1:38  Nexus  
  20  1:47  Pylon  
  20  1:49  Probe  
  21  1:55  Assimilator  
  21  2:01  Probe  
  22  2:05  Stalker (Chrono Boost)  
  22  2:09  Warp Gate  
  22  2:14  Probe (Chrono Boost)  
  25  2:25  Probe (Chrono Boost)  
  25  2:29  Robotics Facility  
  26  2:30  Probe (Chrono Boost)  
  27  2:40  Stalker  
  30  2:45  Probe (Chrono Boost)  
  30  2:50  Probe (Chrono Boost)  
  32  3:00  Probe x2 (Chrono Boost)  
  32  3:02  Gateway  
  33  3:06  Probe  
  33  3:07  Probe  
  33  3:11  Pylon  
  34  3:17  Observer (Chrono Boost)  
  34  3:18  Probe  
  34  3:19  Probe  
  37  3:29  Robotics Bay  
  37  3:31  Probe  
  37  3:32  Probe  
  39  3:36  Observer  
  39  3:40  Shield Battery  
  40  3:43  Probe  
  40  3:46  Assimilator  
  40  3:47  Probe  
  42  3:55  Probe  
  43  3:57  Stalker x2  
  43  3:59  Probe  
  48  4:06  Shield Battery  
  48  4:10  Pylon  
  48  4:14  Shield Battery  
  48  4:16  Disruptor  
  51  4:26  Pylon x2  
  49  4:32  Probe  
  49  4:34  Zealot  
  49  4:35  Stalker  
  49  4:36  Probe  
  54  4:41  Pylon  
  54  4:45  Gateway  
  54  4:56  Disruptor (Chrono Boost)  
  57  5:00  Probe, Pylon  
  57  5:04  Probe  
  59  5:07  Pylon  
  59  5:09  Stalker  
  59  5:12  Probe  
  62  5:20  Gateway  
  61  5:31  Cybernetics Core  
  61  5:37  Zealot  
  63  5:43  Zealot  
  63  5:48  Probe  
  66  5:50  Probe  
  66  5:56  Pylon  
  67  5:57  Gateway  
  67  5:59  Zealot  
  67  6:00  Probe  
  67  6:02  Probe  
  71  6:10  Zealot  
  73  6:12  Probe  
  73  6:14  Probe  
  73  6:15  Stalker  
  77  6:20  Robotics Facility  
  77  6:22  Zealot  
  77  6:24  Probe  
  80  6:33  Stalker  
  80  6:42  Probe, Zealot  
  83  6:47  Stalker  
  83  6:51  Stalker  
  80  7:03  Stalker x2  
  80  7:06  Probe  
  81  7:09  Colossus  
  81  7:13  Zealot  
  89  7:18  Pylon  
  89  7:20  Pylon, Observer  
  89  7:22  Zealot  
  91  7:26  Twilight Council  
  91  7:27  Zealot  
  91  7:28  Assimilator  
  93  7:32  Nexus, Probe  
  94  7:38  Zealot x2  
  98  7:46  Gateway  
  98  7:48  Zealot  
  98  7:49  Zealot  
  102  7:52  Pylon  
  102  7:59  Zealot x2  
  104  8:11  Stalker x2  
  80  8:20  Probe  
  80  8:24  Pylon  
  80  8:26  Colossus  
  85  8:27  Charge  
  85  8:28  Probe  
  85  8:30  Zealot x2  
  85  8:33  Probe (Chrono Boost)  
  91  8:38  Zealot  
  91  8:40  Probe (Chrono Boost)  
  95  8:50  Probe (Chrono Boost), Zealot x3  
  95  8:54  Probe (Chrono Boost)  
  103  8:56  Probe (Chrono Boost)  
  103  8:59  Probe (Chrono Boost)  
  104  9:09  Probe (Chrono Boost), Forge  
  105  9:13  Probe (Chrono Boost)  
  105  9:15  Zealot x2  
  105  9:17  Probe (Chrono Boost)  
  111  9:19  Templar Archives  
  111  9:24  Observer  
  111  9:29  Assimilator  
  111  9:33  Zealot x3  
  111  9:35  Protoss Ground Weapons Level 1 (Chrono Boost)  
  111  9:36  Pylon, Observer  
  111  9:37  Gateway  
  117  9:48  Forge, Colossus (Chrono Boost)  
  117  9:52  Extended Thermal Lance  
  123  9:56  Assimilator  
  123  10:04  Blink (Chrono Boost), Pylon  
  123  10:05  Sentry x2  
  123  10:06  High Templar  
  123  10:07  High Templar  
  131  10:09  Shield Battery  
  131  10:12  Stalker  
  131  10:13  Gateway  
  133  10:20  Protoss Ground Armor Level 1 (Chrono Boost)  
  131  10:28  Probe  
  131  10:32  Nexus  
  132  10:39  Zealot  
  134  10:47  Disruptor  
  134  10:48  Probe  
  139  10:50  Probe x2 (Chrono Boost), High Templar, Pylon, Archon  
  139  10:51  High Templar  
  139  10:56  Pylon x2, Archon  
  144  11:02  Probe (Chrono Boost)  
  145  11:08  Pylon  
  145  11:09  Photon Cannon  
  145  11:10  Probe (Chrono Boost), Gateway  
  144  11:12  Shield Battery  
  144  11:14  Probe (Chrono Boost)  
  145  11:20  Zealot x3  
  152  11:29  Photon Cannon  
  149  11:35  Warp Prism (Chrono Boost)  
  151  11:44  Probe (Chrono Boost)  
  151  11:46  Probe (Chrono Boost), Photon Cannon  
  152  11:48  Probe (Chrono Boost)  
  152  11:52  Probe (Chrono Boost), Gravitic Drive  
  153  11:56  Stalker x2  
  157  12:05  Disruptor (Chrono Boost), Stalker x2  
  164  12:13  Stalker  
  164  12:14  Stalker x2  
  159  12:17  Probe (Chrono Boost)  
  159  12:29  Probe (Chrono Boost)  
  163  12:30  Probe (Chrono Boost)  
  163  12:33  Probe x2 (Chrono Boost)  
  163  12:37  Observer  
  163  12:40  Probe (Chrono Boost)  
  163  12:41  Probe (Chrono Boost)  
  165  12:48  Gateway  
  165  12:50  Gateway  
  161  12:53  Gateway, Assimilator  
  161  12:54  High Templar x7, Assimilator  
  161  12:56  Gateway  
  175  13:00  Archon x3  
  175  13:01  High Templar  
  177  13:13  Archon  
  177  13:15  Nexus  
  175  13:30  Zealot x7  
Tags
 
Add a new tag
Caveats
  • Supply blocks, unpowered buildings, or Contaminate may cause inaccurate times.
  • Supply counts are checked every 10 seconds.